 Dungeon Crawl Stone Soup version 0.18-a0-1628-g61c6396 (webtiles) character file.

53 Ijustatesigmund the Sneak (level 3, 0/27 HPs)
             Began as a Merfolk Assassin on Mar 25, 2016.
             Slain by Natasha (5 damage)
             ... on level 2 of the Dungeon.
             The game lasted 00:03:52 (1636 turns).

Ijustatesigmund the Sneak (Merfolk Assassin)        Turns: 1636, Time: 00:03:52

Health: 0/27       AC:  4    Str: 11    XL:     3   Next: 87%
Magic:  3/3        EV: 13    Int: 10    God:
Gold:   133        SH:  0    Dex: 16    Spells: 0 memorised, 2 levels left

rFire  . . .     SeeInvis .     q - +0 spear
rCold  . . .     Gourm    .     c - +0 robe
rNeg   . . .     Faith    .     (no shield)
rPois  .         Spirit   .     (no helmet)
rElec  .         Dismiss  .     d - +1 cloak
rCorr  .         Reflect  .     (no gloves)
SustAt .         Harm     .     (no boots)
MR     .....                    (no amulet)
Stlth  +++.......               (no ring)
                                (no ring)

@: slowed, very slow, not resistant to hostile enchantments, fairly stealthy
A: change form in water, swift swim
a: no special abilities


You were on level 2 of the Dungeon.
You were not hungry.

You visited 1 branch of the dungeon, and saw 2 of its levels.

You collected 133 gold pieces.

Inventory:

Hand Weapons
 a - a +2 dagger
 b - a +0 blowgun
 q - a +0 spear (weapon)
Missiles
 e - 8 poisoned needles
 f - 2 curare-tipped needles
Armour
 c - a +0 robe (worn)
 d - a +1 cloak (worn)
 h - a +0 buckler
Jewellery
 o - an uncursed ring of fire
Scrolls
 i - a scroll of remove curse
 m - a scroll of identify
Potions
 j - a potion of heal wounds
 l - a potion of berserk rage {unknown}
 p - 2 potions of flight
Comestibles
 g - 2 bread rations
 k - 2 meat rations
 n - 3 fruits


   Skills:
 - Level 2.2 Fighting
 - Level 3.0 Short Blades
 + Level 1.1 Polearms
 - Level 2.0 Throwing
 - Level 2.8 Dodging
 - Level 5.1 Stealth


You had 2 spell levels left.
You didn't know any spells.

Dungeon Overview and Level Annotations

Branches:
Dungeon (2/15)

Altars:
Qazlal
Sif Muna
Yredelemnul

Annotations:
D:2 Natasha


Message History

Natasha closely misses you.
You hit Natasha.
Natasha is almost dead.
Natasha claws you but does no damage. Natasha casts a spell at you.
You feel as though you will be slow longer.
You hit Natasha but do no damage.
Natasha is almost dead.
Natasha claws you but does no damage. Natasha claws you.
* * * LOW HITPOINT WARNING * * *
You are too injured to fight recklessly!
You are too injured to fight recklessly!
You are too injured to fight recklessly!
You are too injured to fight recklessly!
You are too injured to fight recklessly!
You are too injured to fight recklessly!
You closely miss Natasha.
Natasha is almost dead.
Natasha claws you.
You die...

#######.##...........[......# #.
≈##........#.###.####.#.#.######.
##....(......# #.# #............
'...###.###### #.# #############
###.# #.# #.# # §##.# #.# #.#
###.# #(# #.# #.# #.# #h# ####
#.# #.# #@# #... ###.###.# #.#
#.## ........# #.# ##.###### #.#
##.# ########.# ##.# #........#
##<#### #.###########
##....###.#.........#
##..........#######.#


You could see Natasha.

Vanquished Creatures
  2 adders (D:2)
  A giant gecko (D:2)
  5 bats
  2 gnoll zombies (D:2)
  9 goblins
  3 hobgoblins
  5 kobolds
  A quokka (D:2)
  2 giant newts (D:2)
  5 rats
35 creatures vanquished.

Notes
Turn   | Place    | Note
--------------------------------------------------------------
     0 | D:1      | Ijustatesigmund the Merfolk Assassin began the quest for the Orb.
     0 | D:1      | Reached XP level 1. HP: 16/16 MP: 1/1
   302 | D:1      | Reached XP level 2. HP: 22/22 MP: 2/2
   953 | D:2      | Reached skill level 5 in Stealth
  1216 | D:2      | Found a basalt altar of Yredelemnul.
  1267 | D:2      | Reached XP level 3. HP: 25/27 MP: 3/3
  1381 | D:2      | Noticed Natasha
  1528 | D:2      | Found a stormy altar of Qazlal.
  1528 | D:2      | Found a deep blue altar of Sif Muna.
  1598 | D:2      | Reached skill level 1 in Polearms
  1636 | D:2      | Slain by Natasha

Vault maps used:
D:1:      dpeg_arrival_simpleton_c, grunt_decor_arrowhead, minmay_misc_feat_x,
          minmay_cupped
D:2:      lemuel_zombie_altar_yredelemnul, gammafunk_temple_overflow_elements,
          first_bread, uniq_natasha

Skill      XL: |  1  2  3 |
---------------+----------+-----
Dodging        | 2 |  2.8
Stealth        | 5 |  5.1
Short Blades   | 3 |  3.0
Polearms       | 1 |  1.1
Fighting       | |  2.2
Throwing       | |  2.0

Action                   || total
-------------------------++-------
Melee: Dagger            ||   112
       Spear             ||    19
  Use: Scroll            ||     7
 Stab: Sleeping          ||    11
  Eat: Beef jerky        ||     1
       Chunk             ||     1
